 Dungeon Crawl Stone Soup version 0.22-b1-26-g9dbaab1 (webtiles) character file.

35354 Gergoth the Arsonist (level 13, -5/74 HPs)
             Began as a Deep Elf Fire Elementalist on Aug 7, 2018.
             Was an Elder of Sif Muna.
             Slain by a death yak (43 damage)
             ... on level 6 of the Lair of Beasts.
             The game lasted 01:04:18 (21766 turns).

Gergoth the Arsonist (Deep Elf Fire Elementalist)  Turns: 21766, Time: 01:04:19

Health: -5/74      AC:  8    Str:  8    XL:     13   Next: 47%
Magic:  13/29      EV: 23    Int: 23    God:    Sif Muna [****..]
Gold:   1309       SH:  0    Dex: 15    Spells: 17/32 levels left

rFire    . . .     SeeInvis +   z - +6 great sword
rCold    + . .     Gourm    .   (shield currently unavailable)
rNeg     . . .     Faith    .   g - +2 leather armour {rC+}
rPois    +         Spirit   .   d - +0 helmet {SInv}
rElec    .         Reflect  .   (no cloak)
rCorr    .         Harm     .   w - +0 pair of gloves
MR       +....                  (no boots)
Stlth    ++........             L - amulet of magic regeneration
HPRegen  0.22/turn              H - +5 ring of evasion
MPRegen  0.46/turn              M - ring of poison resistance

@: sleeping, divine energy
A: no striking features
a: Stop Divine Energy, Channel Magic, Forget Spell, Renounce Religion


You were on level 6 of the Lair of Beasts.
You worshipped Sif Muna.
Sif Muna was greatly pleased with you.
You were not hungry.

You visited 3 branches of the dungeon, and saw 17 of its levels.

You collected 1309 gold pieces.

Inventory:

Hand Weapons
 z - a +6 great sword (weapon)
 A - a +0 long sword
 B - the +2 dire flail of Pestilence {vamp, Str+3}
   (You took it off an ogre on level 3 of the Dungeon)

   It inflicts no extra harm, but heals its wielder when it wounds a living foe.
   It affects your strength (+3).
Armour
 d - a +0 helmet of see invisible (worn)
 g - a +2 leather armour of cold resistance (worn)
 w - a +0 pair of gloves (worn)
 W - +0 fire dragon scales
Magical Staves
 G - an uncursed staff of wizardry
 R - an uncursed staff of summoning {unknown}
Jewellery
 h - a +4 ring of evasion
 l - an uncursed ring of protection from cold
 p - an uncursed amulet of rage {unknown}
 q - an uncursed ring of see invisible
 y - an uncursed ring of resist corrosion
 F - an uncursed ring of flight
 H - a +5 ring of evasion (left hand)
 L - an amulet of magic regeneration (around neck)
 M - a ring of poison resistance (right hand)
 P - an uncursed amulet of faith
 Y - an uncursed ring of protection from cold
Wands
 j - a wand of random effects (64)
 n - a wand of flame (15)
 t - a wand of acid (26)
 O - a wand of digging (13)
 Q - a wand of polymorph (12)
 S - a wand of iceblast (7)
Scrolls
 a - 4 scrolls of amnesia
 k - 11 scrolls of remove curse
 o - 3 scrolls of magic mapping
 r - 3 scrolls of identify
 v - 9 scrolls of teleportation
 C - a scroll of enchant armour
 D - a scroll of holy word {unknown}
 I - a scroll of vulnerability {unknown}
 K - 2 scrolls of enchant weapon
 N - a scroll of fog {unknown}
 T - a scroll of random uselessness {unknown}
 V - a scroll of blinking
 X - a scroll of brand weapon {unknown}
Potions
 e - a potion of haste {unknown}
 f - 4 potions of curing
 i - 4 potions of flight
 m - 2 potions of cancellation
 s - 2 potions of ambrosia {unknown}
 x - 2 potions of heal wounds {unknown}
 E - 2 potions of brilliance {unknown}
 J - a potion of invisibility {unknown}
 U - a potion of magic {unknown}
Comestibles
 c - 37 rations


   Skills:
 + Level 6.1 Fighting
 - Level 6.0 Long Blades
 - Level 6.0 Armour
 - Level 10.1 Dodging
 - Level 2.4 Stealth
 - Level 10.0 Spellcasting
 - Level 10.0 Conjurations
 + Level 1.2 Translocations
 - Level 14.0 Fire Magic
 + Level 1.2 Invocations
 - Level 6.0 Evocations


You had 17 spell levels left.
You knew the following spells:

 Your Spells              Type           Power        Failure   Level  Hunger
a - Flame Tongue          Conj/Fire      #####        1%          1    None
b - Conjure Flame         Conj/Fire      ######..     1%          3    None
c - Sticky Flame          Conj/Fire      ######..     1%          4    #......
d - Fireball              Conj/Fire      ######....   1%          5    ####...
e - Blink                 Tloc           N/A          7%          2    None

Your spell library contained the following spells:

 Spells                   Type           Power        Failure   Level  Hunger
 Magic Dart               Conj           ####         1%          1    None
 Slow                     Hex            ##......     12%         2    None
 Confuse                  Hex            ##......     22%         3    None
 Throw Flame              Conj/Fire      ######       1%          2    None
 Mephitic Cloud           Conj/Pois/Air  ####....     6%          3    None
 Call Imp                 Summ           ##......     12%         2    None
 Confusing Touch          Hex            ##....       8%          1    None
 Metabolic Englaciation   Hex/Ice        ##........   91%         5    ####...
 Petrify                  Tmut/Erth      ##......     58%         4    #......
 Inner Flame              Hex/Fire       #####...     1%          3    None
 Gell's Gravitas          Tloc           ###.......   14%         3    None
 Yara's Violent Unravell  Hex/Tmut       ##........   91%         5    ####...


Dungeon Overview and Level Annotations

Branches:
Dungeon (10/15)            Temple (1/1) D:6            Lair (6/6) D:9
  Swamp (0/4) Lair:4        Snake (0/4) Lair:3        Slime (0/5) Lair:5
    Orc: D:9-12

Altars:
Ashenzari
Cheibriados
Dithmenos
Elyvilon
Fedhas
Gozag
Hepliaklqana
Kikubaaqudgha
Makhleb
Nemelex Xobeh
Okawaru
Qazlal
Ru
Sif Muna
Trog
Uskayaw
Vehumet
Wu Jian
Xom
Yredelemnul
Zin
The Shining One
Jiyva

Annotations:
D:8 1 runed door, Aviak's ghost, novice DDFi
Lair:2 3 runed doors, Hataesch's ghost, novice TrMo; zapotec's ghost, journeyman GrEE
Lair:4 2 transporters, Votiawn's ghost, journeyman DrTm
Lair:6 Kirke


Message History

As you read the scroll of magic mapping, it crumbles to dust.
You feel aware of your surroundings.
A death yak comes into view.
A dream sheep comes into view. x3
The dream sheep moves out of view.
A dream sheep comes into view.
The dream sheep bleats!
A dream sheep comes into view.
The dream sheep ruffle their wool and motes of dream dust sparkle, to no effect. x2
Unknown command.
The lindwurm roars!
The dream sheep bleats! x2
The dream sheep ruffle their wool and motes of dream dust sparkle, to no effect.
The dream sheep are wreathed in dream dust.
You feel drowsy...
You fall asleep.
The dream sheep bleats!
The death yak bellows!
The death yak bellows!
The death yak gores you!!!
Ouch! That really hurt!
You die...

** ****.........* *#..,,,,,≈≈≈≈
,*****,**#.#.#.#.####.#,,,,,,≈≈≈≈
,,*,*,,,,..<@..[...†..##...,,≈≈≈≈
,,,,,,,,.#.#.#.#.#.†.......≈≈,≈,≈
,,,,,,,,Y..Y.Y.....##.....P≈,≈,,,
,**,*,,,.#Y#Y#.#.###*######≈≈≈≈,≈
*****,,,,.........# *,≈≈≈,,
*****#P.#.#hY## *⌠,≈≈≈, ###.###@#
******, ##*#..## *, *** **#.Y.#
**
*****,******#.Y..##*************
,*,,,,**,*,#.Y.#Yk,,,,,,,,*,,,,**
,,,,,,,,,.....Y....,,,,,,,,,,,,,,
,,,,,,,,,.......Y...,,,<,,,,,,,,,
,,,,,,,,,...P....#.##*,,**,**,,,,
*********###....?#.# *******,,,,,


You could see Kirke (invisible), 4 death yaks, a lindwurm, a hog and 6 dream
sheep.

Vanquished Creatures
  2 entropy weavers (Lair:5)
  6 hydras
  A two-headed ogre (D:9)
  A queen ant (Lair:5)
  Sonja (Lair:4)
  A faun (Lair:4)
  4 elephants (Lair:5)
  A black mamba (Lair:2)
  3 spiny frogs
  A rime drake (Lair:2)
  A komodo dragon (D:9)
  A polar bear (Lair:3)
  A queen bee (Lair:3)
  A hornet (D:9)
  7 blink frogs
  7 hippogriffs
  4 dream sheep (Lair:5)
  A spriggan (D:8)
  25 yaks
  3 wraiths
  The ghost of Thaneod the Shield-Bearer, an amateur GnFi (D:3)
  3 wyverns
  2 hungry ghosts
  14 water moccasins
  26 soldier ants
  2 hell hounds (D:9)
  2 porcupines
  2 sky beasts
  A black bear (D:8)
  5 ice beasts
  5 orc warriors
  A phantom (D:7)
  4 ogres
  39 wolves
  8 crocodiles
  Blork the orc (D:4)
  7 big kobolds (D:3)
  14 bullfrogs
  A water moccasin zombie (D:5)
  3 scorpions
  36 killer bees
  3 wights (D:5)
  An electric eel (Lair:5)
  2 crimson imps
  6 orc priests
  2 jellies (D:9)
  A centaur skeleton (D:5)
  4 hounds
  7 orc wizards
  Terence (D:3)
  2 iguanas
  26 worker ants
  Natasha (thrice) (D:2)
  2 hell rats (Lair:1)
  A hound skeleton (D:5)
  9 river rats (Lair:1)
  7 adders
  A shadow imp (D:9)
  An ooze (D:2)
  A dart slug (D:3)
  6 leopard geckos
  21 orcs
  5 ball pythons
  11 bats
  4 giant cockroaches
  7 goblins
  10 hobgoblins
  10 jackals
  3 quokkas
  5 frilled lizards
  A jackal zombie (D:5)
  46 kobolds
  5 rats
463 creatures vanquished.

Vanquished Creatures (others)
  A wight (D:5)
  7 fungi
  2 plants
  6 withered plants (Lair:2)
16 creatures vanquished.

Grand Total: 479 creatures vanquished

Notes
Turn   | Place    | Note
-------+----------+-------------------------------------------
     0 | D:1      | Gergoth the Deep Elf Fire Elementalist began the quest for the Orb.
     0 | D:1      | Reached XP level 1. HP: 10/10 MP: 6/6
   231 | D:1      | Reached XP level 2. HP: 15/15 MP: 6/8
   729 | D:1      | Reached XP level 3. HP: 19/19 MP: 6/10
   996 | D:2      | Noticed Natasha
  1010 | D:2      | Killed Natasha
  1010 | D:2      | Reached skill level 4 in Fire Magic
  1083 | D:2      | Learned a level 3 spell: Conjure Flame
  1173 | D:2      | Noticed a bullfrog
  1175 | D:2      | Found a transporter.
  1175 | D:2      | Noticed an orc warrior
  1175 | D:2      | Noticed a killer bee
  1177 | D:2      | Noticed an orc warrior
  1179 | D:2      | Found a transporter.
  1223 | D:2      | Found a glowing golden altar of the Shining One.
  1234 | D:2      | Reached XP level 4. HP: 24/24 MP: 7/12
  1658 | D:2      | Found a bloodstained altar of Trog.
  1658 | D:2      | Noticed Natasha
  1737 | D:2      | Killed Natasha
  1739 | D:2      | Noticed Natasha
  1746 | D:2      | Killed Natasha
  1746 | D:2      | Reached XP level 5. HP: 21/28 MP: 1/14
  2080 | D:3      | Found a transporter.
  2082 | D:3      | Noticed Thaneod's ghost (amateur GnFi)
  2082 | D:3      | Noticed an ogre
  2084 | D:3      | Noticed an ogre
  2089 | D:3      | Found a transporter.
  2481 | D:3      | Noticed Terence
  2492 | D:3      | Killed Terence
  2492 | D:3      | Reached skill level 5 in Spellcasting
  2774 | D:3      | Reached XP level 6. HP: 26/32 MP: 3/16
  2814 | D:3      | Reached skill level 5 in Fire Magic
  3049 | D:3      | Reached XP level 7. HP: 31/36 MP: 13/18
  3245 | D:3      | Reached skill level 5 in Conjurations
  3272 | D:3      | Reached skill level 6 in Fire Magic
  4133 | D:4      | You fall through a shaft!
  4133 | D:5      | Entered Level 5 of the Dungeon
  4167 | D:5      | Found a sacrificial altar of Ru.
  4173 | D:5      | Found a basalt altar of Yredelemnul.
  4173 | D:5      | Found a hazy altar of Hepliaklqana.
  4175 | D:5      | Found a hide-covered altar of Uskayaw.
  4177 | D:5      | Found an ancient bone altar of Kikubaaqudgha.
  4440 | D:4      | Learned a level 4 spell: Sticky Flame
  4446 | D:4      | Learned a level 5 spell: Fireball
  4491 | D:4      | Noticed Blork the orc
  4498 | D:4      | Killed Blork the orc
  5160 | D:5      | Reached XP level 8. HP: 38/41 MP: 12/21
  5649 | D:5      | Reached skill level 7 in Fire Magic
  5955 | D:5      | Found a radiant altar of Vehumet.
  6140 | D:5      | Found a stormy altar of Qazlal.
  6376 | D:5      | Found a shadowy altar of Dithmenos.
  6553 | D:6      | Reached skill level 8 in Fire Magic
  6695 | D:6      | Found a staircase to the Ecumenical Temple.
  6779 | Temple   | Entered the Ecumenical Temple
  7152 | D:6      | Reached XP level 9. HP: 45/45 MP: 20/23
  7262 | D:6      | Learned a level 2 spell: Blink
  7509 | D:3      | Reached skill level 9 in Fire Magic
  7522 | D:3      | Killed Thaneod's ghost
  7531 | D:3      | Got a dazzling dire flail {vamp}
  7650 | D:3      | Identified the +2 dire flail of Pestilence {vamp, Str+3} (You took it off an ogre on level 3 of the Dungeon)
  7952 | D:7      | Reached skill level 10 in Fire Magic
  8174 | D:7      | Reached skill level 1 in Evocations
  8194 | D:7      | Reached skill level 1 in Fighting
  8307 | D:7      | Reached skill level 1 in Armour
  8586 | D:7      | Found an iron altar of Okawaru.
  9819 | D:8      | Found a runed door.
  9823 | D:8      | Noticed Aviak's ghost (novice DDFi)
  9876 | D:8      | Reached XP level 10. HP: 56/56 MP: 14/24
 10584 | D:9      | Found a staircase to the Lair.
 10684 | D:9      | Found a snail-covered altar of Cheibriados.
 10728 | D:9      | Reached skill level 5 in Evocations
 10731 | D:9      | Noticed a two-headed ogre
 10750 | D:9      | Killed a two-headed ogre
 10903 | Temple   | Became a worshipper of Sif Muna the Loreminder
 11530 | D:9      | Reached skill level 5 in Fighting
 11589 | D:9      | Reached skill level 5 in Armour
 12322 | D:10     | Entered Level 10 of the Dungeon
 12723 | Lair:1   | Entered Level 1 of the Lair of Beasts
 12734 | D:9      | Reached XP level 11. HP: 16/64 MP: 4/25
 14109 | Lair:2   | Noticed a five-headed hydra
 14156 | Lair:2   | Killed a five-headed hydra
 14862 | Lair:2   | Found a runed gate.
 14863 | Lair:2   | Found a runed gate.
 14864 | Lair:2   | Found a runed gate.
 14933 | Lair:2   | Noticed zapotec's ghost (journeyman GrEE)
 14934 | Lair:2   | Noticed Hataesch's ghost (novice TrMo)
 15106 | Lair:2   | Reached * piety under Sif Muna
 16024 | Lair:3   | Reached skill level 5 in Dodging
 16147 | Lair:3   | Reached ** piety under Sif Muna
 16297 | Lair:3   | Noticed a five-headed hydra
 16581 | Lair:3   | Reached skill level 11 in Fire Magic
 16719 | Lair:3   | Killed a five-headed hydra
 16719 | Lair:3   | Reached skill level 10 in Spellcasting
 16869 | Lair:3   | Found a staircase to the Snake Pit.
 16906 | Lair:3   | Reached XP level 12. HP: 65/70 MP: 2/28
 17826 | Lair:3   | Reached skill level 10 in Conjurations
 17868 | Lair:4   | Reached *** piety under Sif Muna
 18007 | Lair:4   | Found a staircase to the Swamp.
 18014 | Lair:4   | Noticed a five-headed hydra
 18044 | Lair:4   | Killed a five-headed hydra
 18313 | Lair:4   | Found a transporter.
 18314 | Lair:4   | Noticed Votiawn's ghost (journeyman DrTm)
 18316 | Lair:4   | Found a transporter.
 18341 | Lair:4   | Reached skill level 12 in Fire Magic
 18410 | Lair:4   | Noticed Sonja
 18415 | Lair:4   | Killed Sonja
 18416 | Lair:4   | Noticed Nessos
 18418 | Lair:4   | Noticed Nessos
 18418 | Lair:4   | Nessos changed into Nessos the faun
 18428 | Lair:4   | Killed Nessos the faun
 18704 | Lair:4   | Reached skill level 1 in Long Blades
 19484 | Lair:5   | Identified a scroll of acquirement
 19987 | Lair:5   | Noticed an entropy weaver
 20247 | Lair:5   | Killed an entropy weaver
 20247 | Lair:5   | Reached **** piety under Sif Muna
 20247 | Lair:5   | Reached skill level 10 in Dodging
 20247 | Lair:5   | Reached skill level 13 in Fire Magic
 20258 | Lair:5   | Reached XP level 13. HP: 73/74 MP: 4/29
 20325 | Lair:5   | Noticed an entropy weaver
 20858 | Lair:5   | Reached skill level 5 in Long Blades
 21077 | Lair:5   | Killed an entropy weaver
 21419 | Lair:5   | Found a viscous altar of Jiyva.
 21420 | Lair:5   | Found a staircase to the Slime Pits.
 21474 | Lair:5   | Reached skill level 14 in Fire Magic
 21718 | Lair:6   | Entered Level 6 of the Lair of Beasts
 21753 | Lair:6   | Reached skill level 1 in Translocations
 21753 | Lair:6   | Reached skill level 1 in Invocations
 21757 | Lair:6   | Noticed Kirke
 21766 | Lair:6   | Slain by a death yak

Skill      XL: |  1  2  3  4  5  6  7  8  9 10 11 12 13 |
---------------+----------------------------------------+-----
Conjurations   | 2 3 4 5 8 9 10 | 10.0
Spellcasting   | 4 5 6 7 8 10 | 10.0
Fire Magic     | 4 5 6 8 10 11 13 14 | 14.0
Evocations     | 4 6 |  6.0
Fighting       | 3 5 6 |  6.1
Armour         | 3 5 6 |  6.0
Dodging        | 6 10 | 10.1
Long Blades    | 3 6 |  6.0
Translocations | 1 |  1.2
Invocations    | 1 |  1.2
Stealth        | |  2.4

Action                   |  1- 3 |  4- 6 |  7- 9 | 10-12 | 13-15 || total
-------------------------+-------+-------+-------+-------+-------++-------
Melee: Unarmed           |     1 |     9 |       |       |       ||    10
       Short sword       |       |       |    19 |       |       ||    19
       Great sword       |       |       |    28 |   108 |    35 ||   171
 Cast: Flame Tongue      |    81 |   120 |   183 |   210 |     5 ||   599
       Conjure Flame     |       |     2 |     3 |    12 |     3 ||    20
       Sticky Flame      |       |       |    30 |   117 |    35 ||   182
       Fireball          |       |       |     8 |    79 |    32 ||   119
       Blink             |       |       |       |     2 |     1 ||     3
Invok: Divine Energy     |       |       |       |     1 |       ||     1
Evoke: Wand              |       |     1 |     1 |    19 |       ||    21
  Use: Scroll            |     1 |     1 |     6 |    16 |     3 ||    27
       Potion            |       |       |     1 |       |       ||     1
 Stab: Sleeping          |       |       |     2 |     1 |       ||     3
  Eat: Chunk             |     1 |     4 |    23 |    38 |     6 ||    72
       Ration            |       |       |     1 |     5 |     1 ||     7
Armor: Robe              |     5 |     2 |       |       |       ||     7
       Animal skin       |       |     7 |     7 |       |       ||    14
       Leather armour    |       |       |    22 |    55 |    19 ||    96
Dodge: Dodged            |    31 |    56 |    98 |   317 |   106 ||   608
       Rpst.: Great sword |       |       |    12 |    98 |    32 ||   142
